 Dungeon Crawl Stone Soup version 0.28.0-62-gf88900778d (webtiles) character file.

Game seed: 18164761590065983112

2394 cbfl8 the Cleaver (level 9, 0/67 HPs)
             Began as a Minotaur Fighter on Oct 16, 2023.
             Was a Follower of Hepliaklqana.
             Slain by a troll (1 damage)
             ... on level 6 of the Dungeon.
             The game lasted 00:09:08 (9096 turns).

cbfl8 the Cleaver (Minotaur Fighter)                Turns: 9096, Time: 00:09:09

Health: 0/67       AC: 10    Str: 22    XL:     9   Next: 22%
Magic:  0/8        EV:  7    Int:  5    God:    Hepliaklqana [*.....]
Gold:   345        SH:  5    Dex: 13    Spells: 8/8 levels left

rFire   x . .      SeeInvis .   a - +0 war axe
rCold   + . .      Faith    .   c - +0 buckler
rNeg    + + .      Spirit   +   j - +0 chain mail
rPois   .          Reflect  .   (helmet restricted)
rElec   .          Harm     .   (no cloak)
rCorr   .          Rampage  .   (no gloves)
Will    .....                   (no boots)
Stlth   ..........              q - amulet of guardian spirit
HPRegen 0.21/turn               t - ring of Nuuroop {Ice rN++}
MPRegen 0.11/turn               (no ring)

@: no status effects
A: reduced essence, horns 2, retaliatory headbutt
a: Renounce Religion, Recall Ancestor, Ancestor Identity


You were on level 6 of the Dungeon.
You worshipped Hepliaklqana.
Hepliaklqana was aware of your devotion.
You visited 2 branches of the dungeon, and saw 7 of its levels.

You collected 345 gold pieces.

Inventory:

Hand Weapons
 a - a +0 war axe (weapon)
Missiles
 l - a throwing net
Armour
 c - a +0 buckler (worn)
 j - a +0 chain mail (worn)
Jewellery
 q - an amulet of guardian spirit (around neck)
 t - the ring of Nuuroop (left hand) {Ice rN++}
   (You found it on level 4 of the Dungeon)

   [ring of ice]

   It enhances your ice magic.
   rF:        It makes you vulnerable to fire.
   rC:        It protects you from cold.
   rN:        It greatly protects you from negative energy.
Wands
 m - a wand of digging (3)
 p - a wand of paralysis (4) (quivered)
Scrolls
 b - a scroll of teleportation {unknown}
 e - a scroll of immolation {unknown}
 f - a scroll of noise
 h - a scroll of silence
 i - a scroll of enchant armour {unknown}
 r - 2 scrolls of summoning
 s - a scroll of identify
 u - a scroll of holy word {unknown}
 x - a scroll of brand weapon {unknown}
 y - a scroll of magic mapping {unknown}
Potions
 d - 3 potions of might
 g - 2 potions of lignification
 k - a potion of brilliance {unknown}
 n - a potion of invisibility
 o - 2 potions of attraction
 w - a potion of flight


   Skills:
 + Level 6.1 Fighting
 + Level 9.1 Axes
 + Level 8.0 Armour
 + Level 5.7 Shields
 + Level 1.0 Unarmed Combat
 * Level 4.9 Evocations


You had 8 spell levels left.
You didn't know any spells.
Your spell library contained the following spells:

 Spells                   Type           Power      Damage    Failure   Level
 Summon Small Mammal      Summ           0%         N/A       99%         1
 Call Canine Familiar     Summ           0%         N/A       100%        3
 Ozocubu's Armour         Ice            0%         N/A       100%        3
 Summon Guardian Golem    Hex/Summ       0%         N/A       100%        3
 Metabolic Englaciation   Hex/Ice        0%         N/A       100%        5
 Simulacrum               Ice/Necr       0%         N/A       100%        6


Dungeon Overview and Level Annotations

Branches:
Dungeon (6/15)             Temple (1/1) D:4

Altars:
Dithmenos
Fedhas
Gozag
Hepliaklqana
Kikubaaqudgha
Ru
Sif Muna
Uskayaw
Vehumet
Yredelemnul
Zin

Shops:
D:4 (

Annotations:
D:2 1 runed translucent door, Crazy Yiuf
D:3 1 runed translucent door, cbfl8's ghost, amateur DsFi


Innate Abilities, Weirdness & Mutations

Your life essence is reduced to manifest your ancestor. (-10% HP)
You have a pair of horns on your head.
You reflexively headbutt those who attack you in melee.


Message History

You kill the gnoll!
Your necrophage hits the troll.
The gnoll sergeant hits you with a +0 trident.
You see here a +0 club.
Unknown command.
You hit the gnoll sergeant but do no damage.
The gnoll sergeant closely misses your necrophage.
The gnoll sergeant hits you but does no damage.
Unknown command.
The gnoll sergeant blocks your attack.
Your bullfrog skeleton hits the gnoll sergeant.
You block the gnoll sergeant's attack.
Your bullfrog skeleton hits the gnoll sergeant but does no damage.
You hit the gnoll sergeant.
The gnoll sergeant is moderately wounded.
You barely miss the troll. You block the troll's attack.
The troll barely misses you. x2
The gnoll sergeant blocks your bullfrog skeleton's attack.
Your necrophage barely misses the troll.
The gnoll sergeant barely misses you.
The gnoll sergeant hits your necrophage with a +1 spear of venom!
You hit the gnoll sergeant.
The gnoll sergeant is heavily wounded.
You slash the troll!
Your bullfrog skeleton closely misses the gnoll sergeant.
The troll bites you!
* * * LOW HITPOINT WARNING * * *
The troll barely misses you. The troll claws you.
* * * LOW HITPOINT WARNING * * *
Your necrophage hits the gnoll sergeant but does no damage.
The gnoll sergeant hits your necrophage with a +1 spear of venom.
Your necrophage is destroyed!
Your necrophage's corpse dissolves into shadows!
The gnoll sergeant hits you with a +0 trident!
* * * LOW HITPOINT WARNING * * *
Your bullfrog skeleton hits the gnoll sergeant but does no damage.
The troll bites you!
* * * LOW HITPOINT WARNING * * *
The troll claws you but does no damage. The troll claws you.
You die...

##''''########## #.. #≈
.....)............#.g #≈
≈≈....≈≈≈≈≈≈≈≈≈≈≈≈#####≈
≈≈....≈≈≈≈≈≈≈≈≈≈≈≈≈≈≈≈≈≈
≈≈....≈≈≈≈≈≈≈≈≈≈≈≈≈≈≈≈≈≈
.......................P .
....#).......#........ #.
#Og.#g.......#...##...
#..##O..#@Z).#####...##...
.....T#T)†.#.....)......
#.Z.#)...#............
#..)#gO..#..###..#####
#..))....######..##...
#...#)...#........#...
#...#....+........#...
######....###'######...
#......................


You could see a troll, an ogre, 2 gnoll sergeants and a friendly bullfrog
skeleton (summoned).

Vanquished Creatures
  Sigmund (D:2)
  A water moccasin (D:2)
  A black bear (D:4)
  An ice beast (D:5)
  4 ogres (D:6)
  A phantom (D:5)
  A water moccasin zombie (D:6)
  A howler monkey (D:6)
  6 hounds
  An orc priest (D:6)
  A gnoll shaman (D:5)
  A centaur skeleton (D:6)
  Natasha (thrice) (D:2)
  2 iguanas
  2 orc wizards
  A scorpion zombie (D:5)
  21 gnolls
  A howler monkey skeleton (D:4)
  5 adders
  A shadow imp (D:6)
  4 worms
  5 dart slugs
  10 orcs
  9 endoplasms
  3 giant cockroaches
  39 goblins
  28 hobgoblins
  4 jackals (D:1)
  7 quokkas
  3 ball pythons
  6 bats
  6 frilled lizards
  9 kobolds
  A quokka skeleton (D:4)
  3 rats
193 creatures vanquished.

Vanquished Creatures (collateral kills)
  A sky beast (D:6)
  A black bear (D:5)
  2 ogres (D:6)
  A scorpion (D:5)
  A water moccasin skeleton (D:6)
  An orc wizard (D:6)
  2 gnolls
  An adder (D:5)
  An orc (D:6)
  2 goblins (D:4)
  3 hobgoblins (D:4)
  A kobold (D:4)
17 creatures vanquished.

Vanquished Creatures (others)
  2 ancestors (D:6)
2 creatures vanquished.

Grand Total: 212 creatures vanquished

Notes
Turn   | Place    | Note
-------+----------+-------------------------------------------
     0 | D:1      | cbfl8 the Minotaur Fighter began the quest for the Orb.
     0 | D:1      | Reached XP level 1. HP: 19/19 MP: 0/0
    91 | D:1      | Reached XP level 2. HP: 26/27 MP: 1/1
   708 | D:1      | Found a faded altar of an unknown god.
   726 | D:1      | Reached XP level 3. HP: 23/33 MP: 2/2
   924 | D:1      | Reached skill level 1 in Evocations
  1329 | D:1      | Reached skill level 3 in Axes
  1963 | D:2      | Noticed Sigmund
  1978 | D:1      | Reached XP level 4. HP: 40/40 MP: 3/3
  2028 | D:2      | Killed Sigmund
  2029 | D:2      | Reached skill level 4 in Axes
  2029 | D:2      | Reached skill level 5 in Armour
  2029 | D:2      | Reached XP level 5. HP: 17/46 MP: 4/4
  2656 | D:2      | Reached XP level 6. HP: 53/53 MP: 5/5
  2679 | D:2      | Noticed Natasha
  2694 | D:2      | Killed Natasha
  2799 | D:2      | Noticed Natasha
  2827 | D:2      | Killed Natasha
  2850 | D:2      | Noticed Natasha
  2857 | D:2      | Killed Natasha
  2955 | D:2      | Found a runed translucent door.
  2956 | D:2      | Noticed Crazy Yiuf
  3686 | D:3      | Reached skill level 5 in Axes
  3715 | D:3      | Noticed cbfl8's ghost (amateur DsFi)
  3716 | D:3      | Found a runed translucent door.
  3949 | D:3      | Noticed a water moccasin
  3987 | D:2      | Killed a water moccasin
  3988 | D:2      | Reached skill level 1 in Unarmed Combat
  4308 | D:3      | Reached XP level 7. HP: 59/60 MP: 6/6
  5194 | D:4      | Found a staircase to the Ecumenical Temple.
  5213 | D:4      | Found a hide-covered altar of Uskayaw.
  5223 | D:4      | Reached skill level 6 in Axes
  5299 | D:4      | Identified the ring of Nuuroop {Ice rN++}
  5423 | D:4      | Found Oppad's Firing Range.
  5676 | Temple   | Entered the Ecumenical Temple
  5731 | Temple   | Became a worshipper of Hepliaklqana the Forgotten
  6034 | D:4      | You fall into a shaft and drop 2 floors!
  6096 | D:5      | Entered Level 5 of the Dungeon
  6187 | D:5      | Reached skill level 5 in Fighting
  6598 | D:5      | Reached skill level 5 in Shields
  7006 | D:5      | Reached * piety under Hepliaklqana
  7149 | D:4      | Reached XP level 8. HP: 58/61 MP: 5/7
  7929 | D:5      | Reached skill level 7 in Axes
  8593 | D:6      | Reached skill level 8 in Axes
  9029 | D:6      | Reached XP level 9. HP: 18/67 MP: 5/8
  9069 | D:6      | Noticed a troll
  9073 | D:6      | Reached skill level 9 in Axes
  9096 | D:6      | HP: 1/67 [troll (10)]
  9096 | D:6      | Slain by a troll

Illustrated notes

Levels and vault maps discovered:
D:1:      matt_arrival_refuge, layout_basic, serial_glass, glass_columns_a,
          glass_columns_b, shapermc_ecumenical_altar_flowoftime
D:2:      layout_basic, uniq_crazy_yiuf_cottage, uniq_sigmund, uniq_natasha
D:3:      minmay_evil_eye, layout_basic, gammafunk_ghost_grave
D:4:      minmay_goblin_kobold_castle, layout_basic,
          nicolae_uskayaw_murder_on_the_dancefloor,
          minmay_temple_entry_purple_smoke, nicolae_shop_firing_range
D:5:      layout_basic, serial_curves, eino_curves_01, eino_curves_02,
          st_stairs_4
D:6:      lemuel_castle_with_subvaults [lemuel_castle_interior_original],
          layout_gridville
Temple:   mainiacjoe_temple_coin_purse

Skill      XL: |  1  2  3  4  5  6  7  8  9 |
---------------+----------------------------+-----
Shields        | 4 5 |  5.7
Armour         | 4 5 6 7 8 |  8.0
Fighting       | 4 5 6 |  6.1
Evocations     | 1 2 3 4 |  4.9
Axes           | 3 4 5 6 8 9 |  9.1
Unarmed Combat | 1 |  1.0

Action                   |  1- 3 |  4- 6 |  7- 9 || total
-------------------------+-------+-------+-------++-------
Melee: War axe           |    73 |    89 |   258 ||   420
       Headbutt          |     7 |    14 |    48 ||    69
       Unarmed           |       |    18 |       ||    18
Invok: Ancestor Identity |       |       |     1 ||     1
       Recall Ancestor   |       |       |     1 ||     1
Evoke: Wand              |       |     2 |     8 ||    10
  Use: Potion            |       |     1 |     9 ||    10
       Scroll            |       |       |     4 ||     4
 Stab: Paralysed         |       |     8 |     9 ||    17
       Invisible         |       |       |     2 ||     2
       Distracted        |       |       |     1 ||     1
Armor: Scale mail        |    41 |    24 |     4 ||    69
       Chain mail        |       |       |   151 ||   151
       Skin              |       |       |    12 ||    12
Dodge: Dodged            |    46 |    47 |   109 ||   202
Block: Buckler           |    19 |    22 |    91 ||   132
